 Dungeon Crawl Stone Soup version 0.26.0-45-g9c1d065592 (webtiles) character file.

Game seed: 17847195005972820311

262 lawman0 the Sneak (level 5, 0/46 HPs)
             Began as a Minotaur Delver on Jan 30, 2021.
             Was a Follower of Okawaru.
             Slain by an adder zombie (2 damage)
             ... in an ossuary.
             The game lasted 00:02:41 (1745 turns).

lawman0 the Sneak (Minotaur Delver)                 Turns: 1745, Time: 00:02:41

Health: 0/46       AC:  3    Str: 17    XL:     5   Next: 97%
Magic:  2/4        EV: 16    Int:  7    God:    Okawaru [*.....]
Gold:   37         SH:  0    Dex: 12    Spells: 4/4 levels left

rFire    . . .     SeeInvis .   n - +0 war axe
rCold    . . .     Faith    .   (no shield)
rNeg     . . .     Spirit   .   b - +0 leather armour
rPois    .         Reflect  .   (helmet restricted)
rElec    .         Harm     .   (no cloak)
rCorr    .         Rampage  .   (no gloves)
Will     .....                  (no boots)
Stlth    ++++......             (no amulet)
HPRegen  0.15/turn              (no ring)
MPRegen  0.09/turn              (no ring)

@: heroism, attractive, flying
A: retaliatory headbutt, horns 2
a: Renounce Religion, Heroism


You were in an ossuary.
You worshipped Okawaru.
Okawaru was aware of your devotion.
You visited 1 branch of the dungeon, and saw 4 of its levels.
You also visited: Ossuary.

You collected 37 gold pieces.

Inventory:

Hand Weapons
 f - a +3 dagger of distortion
 n - a +0 war axe (weapon)
Missiles
 i - 39 bolts
 l - 14 poisoned darts (quivered)
Armour
 b - a +0 leather armour (worn)
Wands
 g - a wand of digging (3)
 m - a wand of flame (20)
Scrolls
 c - 2 scrolls of fog
 d - 2 scrolls of magic mapping
 e - a scroll of fear
 j - a scroll of identify {unknown}
Potions
 h - a potion of flight
 k - a potion of attraction


   Skills:
 + Level 4.2(9.2) Fighting
 * Level 4.5(9.5) Axes
 + Level 2.1(7.1) Armour
 + Level 3.1(8.1) Dodging
 + Level 5.3(10.3) Stealth


You had 4 spell levels left.
You didn't know any spells.
Your spell library was empty.

Dungeon Overview and Level Annotations

Branches:
Dungeon (6/15)             Temple (0/1) D:4         Ossuary (1/1)

Altars:
Ashenzari
Gozag
Nemelex Xobeh
Okawaru
Xom
Zin


Innate Abilities, Weirdness & Mutations

You reflexively headbutt those who attack you in melee.
You have a pair of horns on your head.


Message History

You hit the goblin zombie.
You hit the human zombie but do no damage.
You hit the adder zombie but do no damage.
The adder zombie bites you.
* * * LOW HITPOINT WARNING * * *
The human zombie hits you.
* * * LOW HITPOINT WARNING * * *
The goblin zombie barely misses you.
The human zombie hits you but does no damage.
It was a potion of flight.
You feel very buoyant.
You fly up into the air.
The adder zombie bites you.
* * * LOW HITPOINT WARNING * * *
The human zombie misses you. The goblin zombie barely misses you.
The human zombie closely misses you.
Unknown command.
It was a potion of attraction.
You feel attractive to monsters. The adder zombie bites you.
You die...

............Z.....
..................
..................
.......∩..........
.......∩..........
..................
.........Z........
........ZZZ.......
.......Z.@Z....##.
..........M....#
..................
.................
...#####........
... ......... .
......... #######


You could see a mummy, an adder zombie, a hound zombie, a goblin zombie, a gnoll
zombie and 2 human zombies.

Vanquished Creatures
  2 ogres (D:4)
  A hound (D:5)
  Ijyb (D:3)
  2 adders (D:4)
  An ufetubus (D:4)
  2 adder skeletons
  A dart slug (D:4)
  3 ball pythons
  A kobold (D:3)
  A quokka (D:3)
  3 frilled lizards (D:4)
  A jackal zombie (Ossuary)
  A kobold zombie (Ossuary)
  2 rats (D:3)
  A rat zombie (Ossuary)
23 creatures vanquished.

Vanquished Creatures (others)
  35 plants (D:3)
35 creatures vanquished.

Grand Total: 58 creatures vanquished

Notes
Turn   | Place    | Note
-------+----------+-------------------------------------------
     0 | D:5      | lawman0 the Minotaur Delver began the quest for the Orb.
     0 | D:5      | Reached XP level 1. HP: 19/19 MP: 0/0
    46 | D:5      | Found a glowing silver altar of Zin.
    46 | D:5      | Found a sparkling altar of Nemelex Xobeh.
    46 | D:5      | Found an opulent altar of Gozag.
    46 | D:5      | Found a broken altar of Ashenzari.
    49 | D:5      | Noticed a hound
    52 | D:5      | Found an iron altar of Okawaru.
    52 | D:5      | Found a shimmering altar of Xom.
    60 | D:5      | Became a worshipper of Warmaster Okawaru
    71 | D:5      | Killed a hound
    72 | D:5      | Reached XP level 2. HP: 11/27 MP: 1/1
    72 | D:5      | Reached XP level 3. HP: 13/33 MP: 2/2
   270 | D:5      | Noticed a sky beast
   602 | D:4      | Noticed an ogre
   609 | D:4      | Killed an ogre
   610 | D:4      | Reached skill level 1 in Armour
   610 | D:4      | Reached skill level 5 in Stealth
   610 | D:4      | Reached XP level 4. HP: 25/40 MP: 3/3
   759 | D:4      | Noticed an ogre
   766 | D:4      | Reached XP level 5. HP: 46/46 MP: 4/4
   770 | D:4      | Killed an ogre
   770 | D:4      | Reached * piety under Okawaru
   925 | D:4      | Found a staircase to the Ecumenical Temple.
  1369 | D:3      | Noticed Ijyb
  1388 | D:3      | Killed Ijyb
  1671 | D:3      | You fall into a shaft and drop 3 floors!
  1672 | D:6      | Noticed an orc warrior
  1697 | D:6      | Noticed an acid dragon
  1726 | D:6      | Found a sand-covered staircase.
  1731 | Ossuary  | Entered an ossuary
  1744 | Ossuary  | HP: 2/46 [adder zombie (2)]
  1745 | Ossuary  | Slain by an adder zombie

Illustrated notes

Levels and vault maps discovered:
D:3:      layout_loops_corners, serial_bayou, serial_bayou_lake_a,
          serial_bayou_lagoon_a, serial_bayou_pond_c, serial_bayou_pond_b,
          serial_bayou_shore_a, uniq_ijyb, uniq_sigmund
D:4:      layout_loops_ring, minmay_temple_entry_mist
D:5:      layout_gridville, nicolae_tso_swordbearing_angel,
          minmay_overflow_temple_hex, minmay_overflow_temple_star_hex,
          serial_shops, kennysheep_mini
D:6:      layout_cave_pools, nicolae_qazlal_eye_of_the_storm, enter_ossuary_2,
          serial_shops, shop_fountains, minmay_microvault, uniq_edmund
Ossuary:  ossuary_minmay_tomb_2a

Skill      XL: |  1  2  3  4  5 |
---------------+----------------+-----
Axes           | 3 4 |  4.5
Fighting       | 4 |  4.2
Armour         | 1 2 |  2.1
Stealth        | 5 |  5.3
Dodging        | 3 |  3.1

Action                   |  1- 3 |  4- 6 || total
-------------------------+-------+-------++-------
Melee: Hand axe          |    35 |    31 ||    66
       Headbutt          |     4 |     8 ||    12
       War axe           |       |     6 ||     6
Invok: Heroism           |       |     1 ||     1
  Use: Scroll            |     1 |     1 ||     2
       Potion            |     1 |     3 ||     4
 Stab: Sleeping          |     1 |     3 ||     4
Armor: Leather armour    |    12 |    12 ||    24
Dodge: Dodged            |    37 |    37 ||    74
